[Event "Team 45 45 League T75"]
[Site "Internet Chess Club"]
[Date "2017.12.23"]
[Round "1"]
[White "guyd52"]
[Black "SeniorCitizen"]
[Result "0-1"]
[WhiteElo "1301"]
[BlackElo "1329"]
[Opening "Benko's opening"]
[ECO "A00"]
[Time "08:02:10"]
[TimeControl "2700+45"]

1. g3 Nc6 2. Bg2 d5 3. Nf3 e6 4. d3 Be7 5. O-O Nf6 6. Nbd2 O-O 7. e4 dxe4 8.
Nxe4 Nxe4 9. dxe4 e5 10. Qe2 Bg4 11. Rd1 Nd4 12. Qe3 Bg5 13. Qc3 Ne2+ 14. Kf1
Qxd1+ 15. Ne1 Nxc3 {White resigns} 0-1

[Event "Team 45 45 League T75"]
[Site "Internet Chess Club"]
[Date "2017.12.18"]
[Round "1"]
[White "bmw2002"]
[Black "kutch"]
[Result "1-0"]
[WhiteElo "1498"]
[BlackElo "1583"]
[Opening "English, 1...Nf6 (Anglo-Indian defense)"]
[ECO "A15"]
[Time "20:05:37"]
[TimeControl "2700+45"]

1. c4 Nf6 2. g3 c6 3. Bg2 d5 4. cxd5 cxd5 5. Nf3 Nc6 6. d4 Bg4 7. h3 Bh5 8. O-O
e6 9. Nc3 a6 10. a3 Bd6 11. Re1 O-O 12. Bg5 h6 13. Bc1 Qc7 14. g4 Bg6 15. g5
hxg5 16. Bxg5 Nh5 17. e4 dxe4 18. Nxe4 Nf4 19. Nxd6 Nxg2 20. Kxg2 Qxd6 21. Qd2
Bh5 22. Re4 Bxf3+ 23. Kxf3 Qd5 24. Bf6 gxf6 25. Qh6 Qf5+ 26. Rf4 Nxd4+ 27. Kg2
Qh7 28. Rg4+ Kh8 29. Qxf6+ Qg7 30. Qxg7# {Black checkmated} 1-0

[Event "Team 45 45 League T75"]
[Site "Internet Chess Club"]
[Date "2017.12.16"]
[Round "1"]
[White "Electryon"]
[Black "chuckh2"]
[Result "1/2-1/2"]
[WhiteElo "1478"]
[BlackElo "1326"]
[Opening "Queen's pawn: London system"]
[ECO "A45"]
[Time "16:00:59"]
[TimeControl "2700+45"]

1. d4 Nf6 2. Bf4 d6 3. e3 g6 4. c3 Bg7 5. Nd2 O-O 6. Ngf3 Nbd7 7. Be2 b6 8. O-O
Bb7 9. Qc2 Re8 10. Nc4 c5 11. Rfe1 Rc8 12. Nfd2 b5 13. Na3 a6 14. Bf3 Bxf3 15.
Nxf3 Nh5 16. Bg5 h6 17. Bh4 f6 18. Rad1 Nf8 19. dxc5 Rxc5 20. Qb3+ Kh8 21. Rd5
Rxd5 22. Qxd5 Qd7 23. Nc2 g5 24. Qf7 gxh4 25. Qxh5 h3 26. g3 Rc8 27. Ncd4 Rc5
28. Qh4 Ng6 29. Qe4 Nf8 30. Kf1 a5 31. Ng1 Rh5 32. Qf3 Rg5 33. Qe2 Qb7 34. Qf3
Qxf3 35. Ndxf3 Rf5 36. Nh4 Rd5 37. Ke2 b4 38. Rd1 Rxd1 39. Kxd1 bxc3 40. bxc3
Ne6 41. Nxh3 Ng5 42. Nxg5 fxg5 43. Nf5 Bxc3 44. Nxe7 Kh7 45. a4 Bb4 46. Nd5 Bc5
47. Ke2 Kg6 48. e4 Kf7 49. h3 Ke6 50. f3 Ke5 51. Kd3 Ke6 52. Kc4 Bf2 53. g4 Ke5
54. Kd3 Bc5 55. Ke2 Kd4 56. Kd2 Kc4 57. Kc2 Bd4 58. Ne7 Be5 59. Nf5 Kb4 60. Kb1
Kxa4 61. Ka2 Kb4 62. Nxh6 Ka4 63. Nf7 Bf4 64. Nh8 Kb4 65. Ng6 Bg3 66. Ne7 Kc4
67. Nf5 Bf4 68. h4 gxh4 69. Nxh4 Kd3 70. Nf5 Ke2 71. g5 Bxg5 72. Nxd6 Bf4 73.
Nc4 Kxf3 74. e5 Bxe5 75. Nxe5+ Ke4 76. Kb3 Kxe5 77. Ka4 Kd5 78. Kxa5 {Game drawn
because neither player has mating material} 1/2-1/2

[Event "Team 45 45 League T75"]
[Site "Internet Chess Club"]
[Date "2017.12.17"]
[Round "1"]
[White "BrerRabbit"]
[Black "sdcohle"]
[Result "1-0"]
[WhiteElo "1397"]
[BlackElo "1396"]
[Opening "Queen's pawn: London system"]
[ECO "A45"]
[Time "15:31:22"]
[TimeControl "2700+45"]

1. d4 Nf6 2. Bf4 d6 3. Nf3 g6 4. e3 Bg7 5. Be2 O-O 6. O-O b6 7. h3 Bb7 8. a4
Nbd7 9. Nbd2 Re8 10. Bh2 e5 11. c3 e4 12. Ne1 Qe7 13. Nc2 a5 14. Bb5 c6 15. Be2
d5 16. c4 Rac8 17. Rc1 c5 18. cxd5 Bxd5 19. Bb5 Bc6 20. Bxc6 Rxc6 21. Nc4 Rcc8
22. b3 Qd8 23. Nd6 cxd4 24. Nxc8 Qxc8 25. Nxd4 Qb7 26. Rc2 Nd5 27. Bd6 Bh6 28.
Qe2 Bg7 29. Nb5 Bf6 30. Rd1 Be7 31. Qc4 N7f6 32. Bxe7 Rxe7 33. Qc8+ Qxc8 34.
Rxc8+ Kg7 35. Rdc1 Rd7 36. Nd4 Nb4 37. R1c7 Nd3 38. Rxd7 Nxd7 39. Re8 Nf6 40.
Rb8 Nd5 41. Rd8 Nf6 42. Rd6 Nb4 43. Rxb6 Nfd5 44. Rb5 Kf6 45. Rxa5 h5 46. Rc5
Ke5 47. Rc8 Kd6 48. Re8 Nf6 49. Rf8 Ke7 50. Rc8 Kd7 51. Rc1 Nfd5 52. Nc2 Nd3 53.
Rd1 Kd6 54. Ra1 Nc5 55. Nd4 Nb4 56. Rc1 Ncd3 57. Rc8 Kd7 58. Rf8 Ke7 59. Rc8 Kd7
60. Ra8 Ke7 61. Rb8 Kd7 62. Ne2 Nc6 63. Rb7+ Ke6 64. Nf4+ Ke5 65. Rxf7 Kd6 66.
Nxg6 Ke6 67. Rc7 Kd6 68. Rh7 Nce5 69. Nxe5 Nxe5 70. Rxh5 Kd5 71. f4 exf3 72.
gxf3 {Black resigns} 1-0

[Event "Team 45 45 League T75"]
[Site "Internet Chess Club"]
[Date "2017.12.19"]
[Round "1"]
[White "Aquaman"]
[Black "WzeroMN"]
[Result "1-0"]
[WhiteElo "1258"]
[BlackElo "1154"]
[Opening "Queen's pawn: London system"]
[ECO "A45"]
[Time "16:05:05"]
[TimeControl "2700+45"]

1. d4 Nf6 2. Bf4 e6 3. Nf3 d5 4. e3 c5 5. c3 Be7 6. Bd3 O-O 7. Nbd2 c4 8. Bc2
Nc6 9. Ne5 Bd7 10. Ndf3 Bd6 11. O-O Nh5 12. Bxh7+ Kxh7 13. Ng5+ Kg8 14. Qxh5 f6
15. Qh7# {Black checkmated} 1-0

[Event "Team 45 45 League T75"]
[Site "Internet Chess Club"]
[Date "2017.12.16"]
[Round "1"]
[White "primerpaso"]
[Black "Fianchettoed"]
[Result "1-0"]
[WhiteElo "1839"]
[BlackElo "1769"]
[Opening "English opening"]
[ECO "A16"]
[Time "12:01:11"]
[TimeControl "2700+45"]

1. c4 Nf6 2. Nc3 g6 3. g3 Bg7 4. Bg2 O-O 5. e4 c5 6. Nge2 Nc6 7. O-O d6 8. d3 a6
9. h3 Rb8 10. f4 b5 11. e5 dxe5 12. Bxc6 Bxh3 13. Bg2 Bxg2 14. Kxg2 exf4 15.
Nxf4 e6 16. Qe2 b4 17. Na4 Qc7 18. b3 Ne4 19. Bb2 Nc3 20. Bxc3 bxc3 21. Rac1 Qa5
22. Qc2 Rbd8 23. Nxc3 Rd7 24. Rf3 Rfd8 25. Ne4 Qc7 26. Rcf1 Qc6 27. Kh2 h6 28.
Qe2 e5 29. Nd5 f5 30. Nf2 Re8 31. Kg2 Rd6 32. g4 e4 33. dxe4 fxe4 34. Re3 Rde6
35. Rxe4 Rxe4 36. Nxe4 {Black resigns} 1-0

[Event "Team 45 45 League T75"]
[Site "Internet Chess Club"]
[Date "2017.12.14"]
[Round "1"]
[White "bookseller"]
[Black "QuieroAprender"]
[Result "1-0"]
[WhiteElo "1682"]
[BlackElo "1533"]
[Opening "Vienna game"]
[ECO "C28"]
[Time "18:24:14"]
[TimeControl "2700+45"]

1. e4 e5 2. Bc4 Nc6 3. Nc3 Nf6 4. d3 Be7 5. a3 O-O 6. f4 d6 7. Nf3 Bg4 8. h3 Be6
9. Bxe6 fxe6 10. fxe5 dxe5 11. Be3 a6 12. Ne2 g6 13. Qd2 b5 14. Qc3 Qd7 15. Nxe5
Nxe5 16. Qxe5 Qd6 17. Qc3 Nd7 18. O-O-O b4 19. axb4 Qxb4 20. Qxb4 Bxb4 21. Rhf1
Rfe8 22. Rf2 a5 23. Rdf1 a4 24. Kb1 a3 25. b3 a2+ 26. Kb2 Be7 27. Bd4 e5 28. Be3
Ba3+ 29. Ka1 Bb4 30. Rf7 Rf8 31. Rxf8+ Nxf8 32. c3 Bd6 33. Nc1 Ba3 34. Nxa2 Ne6
35. Kb1 Nc5 36. Bxc5 Bxc5 37. b4 Be3 38. Kb2 Kg7 39. Nc1 Rd8 40. Kc2 Ra8 41. Re1
Bxc1 42. Rxc1 Ra2+ 43. Kb3 Rxg2 44. Ra1 Rf2 45. b5 g5 46. c4 h5 47. Ra7 Rf7 48.
c5 g4 49. hxg4 hxg4 50. b6 cxb6 51. Rxf7+ Kxf7 52. cxb6 g3 53. b7 g2 54. b8=Q
g1=Q 55. Qxe5 Qb1+ 56. Kc4 Qa2+ 57. Kd4 Qb2+ 58. Kd5 Qb5+ 59. Kd6 Qxd3+ 60. Qd5+
Qxd5+ 61. exd5 {Black resigns} 1-0

[Event "Team 45 45 League T75"]
[Site "Internet Chess Club"]
[Date "2017.12.17"]
[Round "1"]
[White "Ludlow"]
[Black "bradleyguo175"]
[Result "0-1"]
[WhiteElo "1361"]
[BlackElo "1733"]
[Opening "Queen's pawn: London system"]
[ECO "A45"]
[Time "08:01:06"]
[TimeControl "2700+45"]

1. d4 Nf6 2. Bf4 d6 3. Nf3 g6 4. Nc3 Bg7 5. e3 O-O 6. Bd3 Nh5 7. Bg3 Nxg3 8.
hxg3 Bg4 9. Qd2 c5 10. d5 Nd7 11. O-O-O Qa5 12. a3 Ne5 13. Be2 Nxf3 14. gxf3 Bd7
15. g4 b5 16. Nb1 b4 17. axb4 Qa2 18. c3 cxb4 19. c4 Ba4 20. Rde1 Rfc8 21. Bd3
Rxc4+ 22. Bxc4 Qxc4+ 23. Nc3 bxc3 24. Qe2 cxb2+ 25. Kb1 Qc3 26. Rxh7 Kxh7 27.
Rh1+ Kg8 {White resigns} 0-1

[Event "Team 45 45 League T75"]
[Site "Internet Chess Club"]
[Date "2017.12.18"]
[Round "1"]
[White "pokerram"]
[Black "Andaluz"]
[Result "1/2-1/2"]
[WhiteElo "1489"]
[BlackElo "1294"]
[Opening "Sicilian: Nimzovich-Rossolimo attack (without ...d6)"]
[ECO "B30"]
[Time "14:01:06"]
[TimeControl "2700+45"]

1. e4 c5 2. Nf3 Nc6 3. Bb5 a6 4. Bxc6 dxc6 5. O-O Bg4 6. h3 Bh5 7. d3 e6 8. Nbd2
Be7 9. Re1 e5 10. Nf1 Nf6 11. Ng3 Bxf3 12. Qxf3 g6 13. Be3 O-O 14. Qe2 Re8 15.
f4 exf4 16. Bxf4 Qd4+ 17. Kh1 Bd6 18. Bxd6 Qxd6 19. Qf2 Qe5 20. c3 Rad8 21. Rad1
b5 22. Rf1 Kg7 23. Qf4 Qxf4 24. Rxf4 Re6 25. d4 {Game drawn by mutual agreement}
1/2-1/2

[Event "Team 45 45 League T75"]
[Site "Internet Chess Club"]
[Date "2017.12.17"]
[Round "1"]
[White "justice02"]
[Black "Packerfan"]
[Result "0-1"]
[WhiteElo "1641"]
[BlackElo "1757"]
[Opening "Ruy Lopez: Schliemann defense"]
[ECO "C63"]
[Time "16:31:00"]
[TimeControl "2700+45"]

1. e4 e5 2. Nf3 Nc6 3. Bb5 f5 4. d3 fxe4 5. dxe4 Nf6 6. O-O Bc5 7. c3 d6 8. Bd3
O-O 9. a4 a5 10. Ng5 Qe8 11. h3 h6 12. Nf3 Be6 13. Qe2 Nh5 14. Kh2 Nf4 15. Bxf4
Rxf4 16. Nbd2 Kh8 17. Nc4 Qh5 18. Ne3 Bxh3 19. Ng1 Bg4+ {White resigns} 0-1

[Event "Team 45 45 League T75"]
[Site "Internet Chess Club"]
[Date "2017.12.15"]
[Round "1"]
[White "kutch"]
[Black "Grenadier"]
[Result "1/2-1/2"]
[WhiteElo "1605"]
[BlackElo "1595"]
[Opening "Old Indian: main line"]
[ECO "A55"]
[Time "20:01:23"]
[TimeControl "2700+45"]

1. d4 Nf6 2. c4 d6 3. Nc3 Nbd7 4. e4 e5 5. Nf3 Be7 6. Be2 O-O 7. Bg5 b6 8. Qd2
Bb7 9. d5 Nc5 10. Qc2 a5 11. h4 h6 12. Bxf6 Bxf6 13. g4 g5 14. hxg5 Bxg5 15.
Nxg5 Qxg5 16. Qd2 Kg7 17. Rh5 Qxd2+ 18. Kxd2 Rh8 19. Rg1 f6 20. Ke3 c6 21. f4
cxd5 22. exd5 Rae8 23. fxe5 Rxe5+ 24. Rxe5 fxe5 25. Nb5 Rd8 26. b3 Rd7 27. g5
hxg5 28. Rxg5+ Kf6 29. Rh5 Kg6 30. Bg4 Ba6 31. Bxd7 Kxh5 32. Be8+ Kg5 33. Nxd6
Kf6 34. Ne4+ Ke7 35. Nxc5 bxc5 36. Bc6 Kd6 37. Kd3 Bc8 38. Kc3 e4 39. a3 Bf5 40.
b4 cxb4+ 41. axb4 axb4+ 42. Kxb4 e3 43. c5+ Kc7 44. Kc3 Be4 45. Ba8 Kb8 46. Bc6
Kc7 47. Bb5 Bxd5 48. Kd4 Bc6 49. Be2 Bg2 50. Kxe3 Kc6 51. Kd4 {Game drawn by
mutual agreement} 1/2-1/2

[Event "Team 45 45 League T75"]
[Site "Internet Chess Club"]
[Date "2017.12.14"]
[Round "1"]
[White "GoIrish"]
[Black "tryanything"]
[Result "0-1"]
[WhiteElo "1480"]
[BlackElo "1574"]
[Opening "Réti opening"]
[ECO "A04"]
[Time "20:23:56"]
[TimeControl "2700+45"]

1. Nf3 Nc6 2. g3 d5 3. Bg2 Nf6 4. O-O Bf5 5. d3 h6 6. Nbd2 e6 7. b3 Be7 8. Bb2
O-O 9. Nd4 Nxd4 10. Bxd4 b6 11. c4 Rc8 12. cxd5 exd5 13. Bb2 c5 14. Nf3 d4 15.
Ne5 Qd6 16. Nc4 Qe6 17. a4 Bh3 18. e3 Bxg2 19. Kxg2 dxe3 20. Nxe3 Nd5 21. Nc4
Bf6 22. Re1 Qc6 23. Bxf6 Nf4+ 24. Kf1 Qg2# {White checkmated} 0-1

[Event "Team 45 45 League T75"]
[Site "Internet Chess Club"]
[Date "2017.12.16"]
[Round "1"]
[White "clarinetref"]
[Black "bmw2002"]
[Result "0-1"]
[WhiteElo "1496"]
[BlackElo "1476"]
[Opening "English, 1...Nf6 (Anglo-Indian defense)"]
[ECO "A15"]
[Time "22:04:57"]
[TimeControl "2700+45"]

1. c4 Nf6 2. g3 g6 3. Bg2 Bg7 4. Nf3 O-O 5. Nc3 d5 6. cxd5 Nxd5 7. Qb3 Nb6 8.
O-O Nc6 9. d3 Be6 10. Qd1 Rb8 11. Bf4 Nd5 12. Bd2 a6 13. Ng5 Nxc3 14. Bxc3 Bd7
15. Bxg7 Kxg7 16. Qc2 e5 17. Qd2 Nd4 18. Nf3 Qe7 19. e3 Nxf3+ 20. Bxf3 Rfd8 21.
Rfc1 Bb5 22. Be2 c5 23. a4 Bc6 24. Qc3 b6 25. a5 Bb5 26. axb6 Rxb6 27. Qxc5 Qe6
28. Qc3 Rc6 29. Qa3 Rxc1+ 30. Rxc1 e4 31. Rd1 exd3 32. Bxd3 Qh3 33. Qc3+ Kh6 34.
Qf6 Rxd3 35. Rxd3 Bxd3 36. Qf4+ Kh5 37. Qf3+ Qg4 38. Qd5+ Qf5 39. Qg2 Be4 40.
Qf1 Qf3 41. Qh3+ Kg5 42. Qh4+ Kf5 43. Qh3+ Ke5 {White resigns} 0-1

[Event "Team 45 45 League T75"]
[Site "Internet Chess Club"]
[Date "2017.12.16"]
[Round "1"]
[White "ascoli"]
[Black "LookImYourVader"]
[Result "0-1"]
[WhiteElo "1733"]
[BlackElo "1781"]
[Opening "Budapest: Rubinstein variation"]
[ECO "A52"]
[Time "14:00:43"]
[TimeControl "2700+45"]

1. d4 Nf6 2. c4 e5 3. dxe5 Ng4 4. Bf4 Nc6 5. Nf3 Bb4+ 6. Nbd2 Qe7 7. e3 Ngxe5 8.
Nxe5 Nxe5 9. Be2 O-O 10. a3 Bxd2+ 11. Qxd2 d6 12. O-O Be6 13. Rac1 b6 14. b4 a5
15. c5 axb4 16. cxd6 cxd6 17. axb4 Ra2 18. Rc2 Rxc2 19. Qxc2 Rc8 20. Qb2 Qc7 21.
Rd1 h6 22. h3 Bc4 23. Bxc4 Nxc4 24. Qe5 dxe5 {White resigns} 0-1

[Event "Team 45 45 League T75"]
[Site "Internet Chess Club"]
[Date "2017.12.16"]
[Round "1"]
[White "a-man"]
[Black "Portola"]
[Result "1-0"]
[WhiteElo "1703"]
[BlackElo "1739"]
[Opening "Catalan: closed, 7.Qc2"]
[ECO "E08"]
[Time "18:00:34"]
[TimeControl "2700+45"]

1. d4 d5 2. c4 e6 3. Nf3 Nf6 4. g3 Be7 5. Bg2 O-O 6. O-O Nbd7 7. Qc2 c6 8. cxd5
exd5 9. Bf4 Ne4 10. Nbd2 Nxd2 11. Nxd2 Bf6 12. Nb3 Re8 13. Rfe1 Nf8 14. Bd2 Ne6
15. Bc3 Bd7 16. Rad1 Qc7 17. e4 dxe4 18. Bxe4 Nf8 19. Bg2 Bg4 20. Rxe8 Rxe8 21.
Re1 Rxe1+ 22. Bxe1 Qe7 23. Bc3 Bh5 24. Qe4 Bg6 25. Qxe7 Bxe7 26. Na5 Bb1 27. a3
Ba2 28. Nxb7 Bd5 29. Bxd5 cxd5 30. Nc5 Bd8 31. f4 Ng6 32. Kf2 Ne7 33. Nd3 f6 34.
Bb4 Nf5 35. Bc5 a5 36. b4 Kf7 37. g4 Nh6 38. h3 Ng8 39. bxa5 Bxa5 40. Nb4 Ne7
41. Bxe7 Kxe7 42. Nc6+ {Black resigns} 1-0

[Event "Team 45 45 League T75"]
[Site "Internet Chess Club"]
[Date "2017.12.15"]
[Round "1"]
[White "zethhon"]
[Black "RonaldoR"]
[Result "0-1"]
[WhiteElo "1388"]
[BlackElo "1625"]
[Opening "Queen's bishop game"]
[ECO "D02"]
[Time "07:30:15"]
[TimeControl "2700+45"]

1. d4 d5 2. Nf3 Nf6 3. Bf4 c5 4. c3 e6 5. e3 Nc6 6. Nbd2 Bd6 7. Bxd6 Qxd6 8. Bd3
O-O 9. O-O e5 10. Be2 e4 11. Ne1 c4 12. Nc2 a5 13. Na3 Na7 14. Qa4 Qc7 15. Nb5
Nxb5 16. Qxb5 Bd7 17. Qc5 Qxc5 18. dxc5 Rfc8 19. b3 Rxc5 20. bxc4 dxc4 21. Nxc4
Bb5 22. Nb6 Bxe2 23. Nxa8 Bxf1 24. Kxf1 Rxc3 25. Rb1 h5 26. Rxb7 Rc1+ 27. Ke2
Rc2+ 28. Ke1 Rxa2 29. Ra7 Ng4 30. h3 Nxf2 31. Re7 f5 32. Re5 Nd3+ 33. Kf1 Nxe5
34. Nc7 a4 35. Nb5 a3 36. Nxa3 Rxa3 37. Kf2 Nc4 38. Kg3 Nxe3 39. Kf4 g6 40. Kg5
Kg7 41. Kf4 Nxg2+ 42. Kg5 e3 43. h4 Kg8 44. Kxg6 e2 45. Kxh5 e1=Q 46. Kg6 Nxh4+
47. Kg5 Qg3+ 48. Kf6 Ra6+ 49. Ke7 Qg7+ 50. Kd8 {White resigns} 0-1

[Event "Team 45 45 League T75"]
[Site "Internet Chess Club"]
[Date "2017.12.17"]
[Round "1"]
[White "MartyJR"]
[Black "mambo99"]
[Result "1-0"]
[WhiteElo "1457"]
[BlackElo "1484"]
[Opening "Queen's pawn: London system"]
[ECO "A45"]
[Time "14:28:56"]
[TimeControl "2700+45"]

1. d4 Nf6 2. Bf4 d6 3. e3 g6 4. Nf3 Bg7 5. h3 O-O 6. Be2 b6 7. Nbd2 Bb7 8. O-O
c5 9. c3 Nc6 10. a4 Qd7 11. Nc4 Nd5 12. Bh2 Rfe8 13. dxc5 dxc5 14. a5 b5 15. a6
bxc4 16. axb7 Rad8 17. Bxc4 Nb6 18. Qxd7 Rxd7 19. Bb5 Nb8 20. Bxd7 N8xd7 21.
Rxa7 e5 22. Nd2 f5 23. Nb3 c4 24. Na5 Nb8 25. Rd1 Kf8 26. Rd6 N6d7 27. Nc6 Kf7
28. Nxb8 Nxb8 29. Kf1 Ke7 30. Rd2 Rd8 31. Rxd8 Kxd8 32. Ra4 Kc7 33. Rxc4+ Kxb7
34. Bg3 Nc6 35. Bh4 Na5 36. Rb4+ Kc6 37. Bd8 Nb7 38. Rb6+ Kd7 39. Rxb7+ {Black
resigns} 1-0

[Event "Team 45 45 League T75"]
[Site "Internet Chess Club"]
[Date "2017.12.14"]
[Round "1"]
[White "rookbattery"]
[Black "SirIvanhoe"]
[Result "1-0"]
[WhiteElo "1615"]
[BlackElo "1524"]
[Opening "Caro-Kann: advance variation"]
[ECO "B12"]
[Time "19:01:02"]
[TimeControl "2700+45"]

1. e4 c6 2. d4 d5 3. e5 Bf5 4. Nf3 e6 5. Be2 c5 6. Be3 cxd4 7. Nxd4 Ne7 8. Nd2
Nbc6 9. N2f3 Bg4 10. O-O Bxf3 11. Nxf3 Ng6 12. c4 dxc4 13. Bxc4 Qxd1 14. Rfxd1
Ngxe5 15. Nxe5 Nxe5 16. Bb5+ Nc6 17. Rac1 a6 18. Bxc6+ bxc6 19. Rxc6 Be7 20. Rc7
Bd8 21. Rb7 O-O 22. Rdd7 Rc8 23. a4 Bf6 24. b4 Rcd8 25. Kf1 Rxd7 26. Rxd7 Bc3
27. b5 axb5 28. axb5 Be5 29. Ba7 g5 30. Bc5 Rc8 31. Be7 Rb8 32. Rd8+ Rxd8 33.
Bxd8 Bd4 34. b6 Bxb6 35. Bxb6 Kg7 36. Ke2 f6 37. Kf3 Kg6 38. Ke4 h5 39. g3 Kf7
40. h4 g4 41. Bd8 Kg6 42. Kf4 Kf7 43. Ke4 Kg6 44. Kd4 Kf5 45. Kc5 Ke5 46. Bc7+
Kf5 47. Kd6 e5 48. Ke7 Kg6 49. Ke6 e4 50. Bf4 f5 51. Ke5 {Black resigns} 1-0

[Event "Team 45 45 League T75"]
[Site "Internet Chess Club"]
[Date "2017.12.15"]
[Round "1"]
[White "Chess4Him"]
[Black "RD1974"]
[Result "0-1"]
[WhiteElo "1537"]
[BlackElo "1645"]
[Opening "Dutch defense, Rubinstein variation"]
[ECO "A40"]
[Time "19:00:33"]
[TimeControl "2700+45"]

1. d4 e6 2. c4 f5 3. Nc3 Nf6 4. g3 c6 5. Bg2 d5 6. cxd5 exd5 7. Nf3 Bd6 8. e3
O-O 9. O-O Nbd7 10. Qc2 Ne4 11. Nd2 Ndf6 12. Ndxe4 fxe4 13. f4 exf3 14. Rxf3 Bg4
15. Rf1 Qe7 16. e4 dxe4 17. Bf4 e3 18. Rae1 Bxf4 19. Rxf4 Bh5 20. Ne4 Nd5 21.
Rh4 Bg6 22. Qc4 Rf7 23. Qc5 Qxc5 24. dxc5 Raf8 25. Nc3 Nxc3 26. bxc3 Re7 27. Rd4
Rf2 28. Rxe3 Rxe3 29. Kxf2 Rxc3 30. Rd8+ Kf7 31. Rd7+ Kf6 32. Rxb7 Rc2+ 33. Kg1
Rxa2 34. Bxc6 a6 35. Rb6 Ke5 36. Rb4 Bd3 37. Rf4 g6 38. Rf2 Ra5 39. Rd2 Kd4 40.
Kf2 Rxc5 41. Bf3 Kc3 42. Ra2 Kb4 43. Rb2+ Ka3 44. Rb7 h5 45. Ke3 Bf5 46. Kd4 Rc2
47. h4 a5 48. Bd5 Rd2+ 49. Ke5 Rd3 50. Ra7 Kb4 51. Rc7 Rxg3 52. Rc4+ Kb5 53. Kd6
Rg4 54. Rc5+ Kb4 55. Bc6 a4 56. Rb5+ Kc3 57. Rc5+ Kd3 58. Bb5+ Ke3 59. Rc4 Rxc4
60. Bxc4 Kf4 61. Ke7 Kg4 62. Kf6 Kxh4 63. Bf7 a3 64. Ba2 Be4 65. Bf7 g5 66. Ke5
Bb1 67. Kf6 a2 68. Bxa2 Bxa2 {White resigns} 0-1

[Event "Team 45 45 League T75"]
[Site "Internet Chess Club"]
[Date "2017.12.13"]
[Round "1"]
[White "Gojira"]
[Black "UrsaMajor"]
[Result "1/2-1/2"]
[WhiteElo "1623"]
[BlackElo "1488"]
[Opening "Queen's pawn: London system"]
[ECO "A45"]
[Time "20:31:11"]
[TimeControl "2700+45"]

1. d4 Nf6 2. Bf4 d5 3. e3 e6 4. Nf3 Nbd7 5. Bd3 c5 6. c3 Be7 7. h3 Ne4 8. O-O f5
9. Ne5 O-O 10. Nd2 Nxd2 11. Qxd2 Nxe5 12. Bxe5 Bd6 13. f4 Bxe5 14. fxe5 c4 15.
Bc2 Rf7 16. Qf2 g5 17. Qf3 Qf8 18. Qh5 Qg7 19. g4 Qg6 20. Qxg6+ hxg6 21. Rf2 Bd7
22. gxf5 gxf5 23. Rg2 Rg7 24. Kh2 Kf7 25. b3 b5 26. bxc4 dxc4 27. a4 Bc6 28. Rg3
a6 29. axb5 axb5 30. Rxa8 Bxa8 31. Rg1 g4 32. hxg4 Rxg4 33. Rxg4 fxg4 34. Bd1
Bf3 35. Bc2 Kg7 36. Kg3 Kh6 37. Kf4 Kh5 38. Kg3 Kg5 39. e4 Kg6 40. d5 Kf7 41. d6
Ke8 42. Kf2 Kd7 43. Ke1 Kc6 44. Kf2 Kd7 45. Kg3 Ke8 46. Kf4 Kd7 47. Bb1 {Game
drawn by mutual agreement} 1/2-1/2

[Event "Team 45 45 League T75"]
[Site "Internet Chess Club"]
[Date "2017.12.15"]
[Round "1"]
[White "BrerRabbit"]
[Black "Konstantinos"]
[Result "1-0"]
[WhiteElo "1379"]
[BlackElo "1612"]
[Opening "Queen's pawn, Mason variation"]
[ECO "D00"]
[Time "15:32:50"]
[TimeControl "2700+45"]

1. d4 d5 2. Bf4 e6 3. e3 c5 4. c3 Nf6 5. Nd2 Nc6 6. Ngf3 cxd4 7. cxd4 a5 8. Bb5
Bd7 9. O-O Nb4 10. Be2 Be7 11. a3 Nc6 12. h3 O-O 13. Qb3 Bc8 14. Rfc1 Bd6 15.
Bxd6 Qxd6 16. Bb5 Bd7 17. Rc2 Rfc8 18. Rac1 Na7 19. Bd3 Rxc2 20. Rxc2 Bc6 21.
Ne5 Nd7 22. Nxc6 bxc6 23. Qb7 {Black resigns} 1-0

[Event "Team 45 45 League T75"]
[Site "Internet Chess Club"]
[Date "2017.12.16"]
[Round "1"]
[White "idjit"]
[Black "UrsaMajor"]
[Result "1/2-1/2"]
[WhiteElo "1672"]
[BlackElo "1496"]
[Opening "Giuoco Piano"]
[ECO "C54"]
[Time "11:04:17"]
[TimeControl "2700+45"]

1. e4 e5 2. Nf3 Nc6 3. Bc4 Bc5 4. c3 Nf6 5. d3 O-O 6. Bb3 h6 7. Nbd2 d5 8. Qe2
Bg4 9. Nf1 Re8 10. Ng3 Qd7 11. O-O Rad8 12. h3 Bxh3 13. gxh3 Qxh3 14. Be3 Bxe3
15. Qxe3 Ng4 16. Qe2 dxe4 17. dxe4 Rd6 18. Rfd1 Rg6 19. Qf1 Nxf2 20. Qxh3 Nxh3+
21. Kg2 Nf4+ 22. Kf2 Nh3+ 23. Kg2 Nf4+ 24. Kf2 Nh3+ 25. Kg2 Nf4+ 26. Kf2 Nh3+
27. Kg2 {Game drawn by repetition} 1/2-1/2

[Event "Team 45 45 League T75"]
[Site "Internet Chess Club"]
[Date "2017.12.16"]
[Round "1"]
[White "mongmong"]
[Black "noblitz-oblige"]
[Result "0-1"]
[WhiteElo "1496"]
[BlackElo "1481"]
[Opening "Queen's pawn: Yusupov-Rubinstein system"]
[ECO "A46"]
[Time "08:02:58"]
[TimeControl "2700+45"]

1. d4 Nf6 2. Nf3 e6 3. e3 Nc6 4. c3 d6 5. Bd3 Be7 6. Qe2 O-O 7. e4 Re8 8. O-O h6
9. h3 Bf8 10. Bf4 e5 11. dxe5 dxe5 12. Be3 a6 13. Nbd2 b6 14. Rad1 Bb7 15. Nb3
Qe7 16. Bc1 Nd8 17. Nh2 Ne6 18. g3 a5 19. Ng4 Nxg4 20. Qxg4 Qf6 21. Kg2 Red8 22.
Qe2 Be7 23. f4 exf4 24. Bxf4 Nxf4+ 25. Rxf4 Qe5 26. Rf5 Qxf5 {White resigns} 0-1

[Event "Team 45 45 League T75"]
[Site "Internet Chess Club"]
[Date "2017.12.15"]
[Round "1"]
[White "stanbeers"]
[Black "Kingofknights"]
[Result "0-1"]
[WhiteElo "1355"]
[BlackElo "1456"]
[Opening "Queen's pawn game, Darooha variation "]
[ECO "D02"]
[Time "20:01:17"]
[TimeControl "2700+45"]

1. Nf3 d5 2. d4 Nf6 3. Nc3 Bf5 4. Bg5 e6 5. Nh4 Bg6 6. Nxg6 hxg6 7. e3 c5 8.
Bb5+ Nc6 9. a3 Qc7 10. Bf4 Qb6 11. Qe2 cxd4 12. exd4 Qxd4 13. Be5 Qb6 14. Bxf6
gxf6 15. O-O-O Be7 16. Kb1 a6 17. Bxc6+ bxc6 18. Na4 Qa5 19. Nc3 Bxa3 20. bxa3
Rb8+ 21. Ka2 Qxc3 22. Rb1 Ke7 23. Rb3 Rxb3 24. cxb3 Rb8 25. Rb1 Rb6 26. Rb2 Qe5
27. Qc2 Qd6 28. h3 e5 29. Qd2 c5 30. Qe2 e4 31. Rc2 f5 32. g3 Rc6 33. Qd2 d4 34.
Rc4 Qe5 35. Qg5+ Qf6 36. Qxf6+ Kxf6 37. Kb2 Ke5 38. Kc2 f4 39. Kd2 fxg3 40. fxg3
Kd5 41. Ke2 Rf6 42. Ra4 d3+ 43. Kd2 Rf2+ 44. Kd1 e3 45. Rf4 Rxf4 46. gxf4 Ke4
{White resigns} 0-1

[Event "Team 45 45 League T75"]
[Site "Internet Chess Club"]
[Date "2017.12.18"]
[Round "1"]
[White "smsxman"]
[Black "kingsrook"]
[Result "1-0"]
[WhiteElo "1283"]
[BlackElo "1180"]
[Opening "Sicilian defense"]
[ECO "B40"]
[Time "12:59:28"]
[TimeControl "2700+45"]

1. e4 c5 2. Nf3 e6 3. Nc3 Nf6 4. d4 cxd4 5. Qxd4 Nc6 6. Qd1 Bb4 7. Bg5 h6 8. Bh4
O-O 9. e5 Bxc3+ 10. bxc3 g5 11. exf6 gxh4 12. Nxh4 Qxf6 13. Qg4+ Kh8 14. Kd2 Rg8
15. Qa4 Qxf2+ 16. Be2 b5 17. Qxb5 Qxh4 18. g3 Qg5+ 19. Qxg5 Rxg5 20. Raf1 Rd5+
21. Kc1 Ne5 22. Rf6 Kg7 23. Rhf1 Rb8 24. Bd3 Rxd3 25. cxd3 Nxd3+ 26. Kd2 Ne5 27.
Kc2 Ba6 28. R1f2 Bd3+ 29. Kc1 Rb1+ 30. Kd2 Nc4+ 31. Kxd3 Ne5+ 32. Kc2 Rb6 33.
R6f4 a5 34. Ra4 Ra6 35. c4 d6 36. Kc3 f6 37. Rb2 Rc6 38. h4 d5 39. Rb7+ Kg6 40.
Kd4 Nxc4 41. g4 h5 42. gxh5+ Kh6 43. Rb8 Kxh5 44. Rh8+ Kg6 45. Rg8+ Kh7 46. Rg1
Kh6 47. Rg3 Kh5 48. Rh3 f5 49. Rh2 Rc7 50. Rh1 Rc6 51. Rh2 Rc7 52. Rc2 Kxh4 53.
Rxa5 f4 54. Ra8 Rf7 55. Rg8 f3 56. Rh2# {Black checkmated} 1-0